 Dungeon Crawl Stone Soup version 0.31-a0-1074-g0b22e4e0f1 (webtiles) character file.

Game seed: 2493371419606945614

109 DApurpleWHUMPUS the Conjurer (level 4, -1/24 HPs)
             Began as a Deep Elf Conjurer on Dec 8, 2023.
             Succumbed to an adder's poison
             ... on level 3 of the Dungeon.
             The game lasted 00:03:25 (2090 turns).

DApurpleWHUMPUS the Conjurer (Deep Elf Conjurer)    Turns: 2090, Time: 00:03:26

Health: -1/24      AC:  3    Str:  3    XL:     4   Next: 59%
Magic:  10/13      EV: 12    Int: 27    God:
Gold:   141        SH:  0    Dex: 14    Spells: 10/13 levels left

rFire   + + .        (no weapon)
rCold   x . .        (no shield)
rNeg    . . .        a - +0 robe
rPois   .            (no helmet)
rElec   .            (no cloak)
rCorr   .            g - +0 pair of gloves
SInv    .            (no boots)
Will    .....        (no amulet)
Stlth   ++           h - ring of fire
HPRegen 0.24/turn    (no ring)
MPRegen 0.13/turn

%: no passive effects
@: lethally poisoned (-1 -> -11)
A: clever 1, fire resistance 1
a: no special abilities


You were on level 3 of the Dungeon.
You visited 1 branch of the dungeon, and saw 3 of its levels.

You collected 141 gold pieces.

Inventory:

Hand Weapons
 q - a +0 war axe
Armour
 a - a +0 robe (worn)
 g - a +0 pair of gloves (worn)
Jewellery
 h - a ring of fire (left hand)
Scrolls
 e - a scroll of poison {unknown}
 i - 2 scrolls of identify {unknown}
 j - a scroll of noise {unknown}
 k - a scroll of teleportation {unknown}
 l - 2 scrolls of fear {unknown}
 m - a scroll of immolation {unknown}
 n - a scroll of revelation {unknown}
 o - a scroll of enchant armour {unknown}
Potions
 c - a potion of attraction {unknown}
 d - a potion of mutation
 f - 3 potions of haste {unknown}
 p - 2 potions of curing {unknown}


   Skills:
 - Level 2.4 Dodging
 - Level 2.4 Stealth
 + Level 5.1 Spellcasting
 + Level 5.6 Conjurations


You had 10 spell levels left.
You knew the following spells:

 Your Spells              Type           Power      Damage    Failure   Level
a - Magic Dart            Conj           100%       1d8       1%          1
b - Searing Ray           Conj           74%        2d7       1%          2

Your spell library contained the following spells:

 Spells                   Type           Power      Damage    Failure   Level
 Dazzling Flash           Conj/Hex       44%        N/A       7%          3
 Tukima's Dance           Hex            6%         N/A       22%         3
 Fulminant Prism          Conj/Hex       11%        3d8       22%         4
 Iskenderun's Mystic Bla  Conj/Tloc      22%        2d6       22%         4
 Dimensional Bullseye     Hex/Tloc       3%         N/A       56%         4


Dungeon Overview and Level Annotations

Branches:
Dungeon (3/15)

Altars:

Shops:
D:2 :

Annotations:
D:1 1 transporter


Innate Abilities, Weirdness & Mutations

Your mind is acute. (Int +4, Str/Dex -1)
Your flesh is heat resistant. (rF+)


Message History

You feel sick. The adder barely misses you.
There is a stone staircase leading up here.
You feel sick. The adder bites you. The adder closely misses you.
You see here a +0 war axe.
q - a +0 war axe You feel sick.
The adder barely misses you.
Okay, then.
Casting: Searing Ray (safe; 1% risk of failure)
Confirm with . or Enter, or press ? or * to list all spells.
Aiming: Magic Dart (safe; 1% risk of failure)
Press: ? - help, Shift-Dir - straight line, f - adder
Aim: an adder (100% to hit)
The magic dart hits the adder.
The adder is moderately wounded.
You feel sick. The adder bites you.
You are more poisoned.
The adder poisons you! Magic courses through your body.
You feel sick. The adder bites you.
* * * LOW HITPOINT WARNING * * *
You are lethally poisoned!
The adder poisons you! The adder closely misses you.
Casting: Magic Dart (safe; 1% risk of failure)
Confirm with . or Enter, or press ? or * to list all spells.
Aiming: Searing Ray (safe; 1% risk of failure)
Press: ? - help, Shift-Dir - straight line, f/p - adder
Aim: an adder (moderately wounded, 66% to hit)
The searing ray misses the adder. (Press . to maintain the ray.)
* * * LOW HITPOINT WARNING * * *
You feel sick. The adder bites you but does no damage.
The searing ray hits the adder.
The adder is severely wounded.
* * * LOW HITPOINT WARNING * * *
You feel sick. The adder bites you.
* * * LOW HITPOINT WARNING * * *
You are more poisoned.
The adder poisons you!
It was a potion of mutation.
You feel extremely strange.
You feel resistant to heat.
You feel clever.
You die...

#...... #......
#...... ##########
#...... #........#
....... #........#
....... #........#
.......##........#
#.)S.......#
#.#@<......#
###....#+#####
#.........#
#.#######.# #
#...# #####


You could see an adder.

Vanquished Creatures
  2 orc wizards (D:3)
  An adder (D:2)
  A worm (D:2)
  2 dart slugs
  An orc (D:3)
  2 ball pythons (D:1)
  5 bats
  3 endoplasms
  3 giant cockroaches
  3 goblins
  2 hobgoblins
  4 quokkas
  4 frilled lizards (D:2)
  4 kobolds
  5 rats
42 creatures vanquished.

Notes
Turn   | Place    | Note
-------+----------+-------------------------------------------
     0 | D:1      | DApurpleWHUMPUS the Deep Elf Conjurer began the quest for
                  | the Orb.
     0 | D:1      | Reached XP level 1. HP: 10/10 MP: 6/6
   390 | D:1      | Reached XP level 2. HP: 15/15 MP: 4/8
  1072 | D:2      | Reached skill level 5 in Conjurations
  1072 | D:2      | Reached XP level 3. HP: 19/19 MP: 5/10
  1116 | D:2      | Found Moch's Book Shop.
  1935 | D:2      | Learned a level 2 spell: Searing Ray
  2075 | D:3      | Reached XP level 4. HP: 19/24 MP: 3/12
  2078 | D:3      | Reached skill level 5 in Spellcasting
  2090 | D:3      | Gained mutation: Your flesh is heat resistant. (rF+)
                  | [potion of mutation]
  2090 | D:3      | Gained mutation: Your mind is acute. (Int +4, Str/Dex -1)
                  | [potion of mutation]
  2090 | D:3      | Succumbed to an adder's poison

Illustrated notes

Levels and vault maps discovered:
D:1:      spicycebolla_arrival_risky_transporter, layout_basic,
          minmay_pentomino_p4
D:2:      layout_loops_ring, serial_shops, shop
D:3:      layout_basic, shapermc_ecumenical_altar_mp_vishouse,
          kennysheep_generic_room_6

Skill      XL: |  1  2  3  4 |
---------------+-------------+-----
Spellcasting   | 4 5 |  5.1
Conjurations   | 5 |  5.6
Dodging        | |  2.4
Stealth        | |  2.4

Action                     |  1- 3 |  4- 6 || total
---------------------------+-------+-------++-------
  Melee: Unarmed           |       |     2 ||     2
   Cast: Magic Dart        |    74 |     1 ||    75
         Searing Ray       |     2 |     2 ||     4
    Use: Potion            |       |     2 ||     2
 Armour: Robe              |     6 |     9 ||    15
  Dodge: Dodged            |     3 |     7 ||    10

Table legend: (Time is in decaauts)
 A = Elapsed time spent in this place.
 B = Non-inter-level travel time spent in this place.
 C = Inter-level travel time spent in this place.
 D = Time resting spent in this place.
 E = Time spent auto-exploring this place.
 F = Levels seen in this place.
 G = Mean time per level.
                   A        B        C        D        E       F      G
               +--------+--------+--------+--------+--------+-----+--------+
         Total |   2090 |   2015 |     75 |    125 |   1701 |   3 |  696.7 |
       Dungeon |   2090 |   2015 |     75 |    125 |   1701 |   3 |  696.7 |
               +--------+--------+--------+--------+--------+-----+--------+

Top non-repeatable levels by time:
     D:2: 1064 daAuts
     D:1: 981 daAuts
     D:3: 44 daAuts
